 Dungeon Crawl Stone Soup version 0.25.1-8-g42b30a86e7 (webtiles) character file.

Game seed: 7133101154528685959

202 Gabide the Ruffian (level 5, -1/42 (46) HPs)
             Began as a Ghoul Monk on Dec 27, 2020.
             Was an Initiate of Gozag.
             Slain by a gnoll (2 damage)
             ... on level 3 of the Dungeon.
             The game lasted 00:07:48 (4408 turns).

Gabide the Ruffian (Ghoul Monk)                     Turns: 4408, Time: 00:07:49

HP:   -1/42 (46)    AC:  5    Str: 15    XL:     5   Next: 80%
MP:   4/4           EV: 12    Int:  5    God:    Gozag
Gold: 218           SH:  0    Dex: 18    Spells: 4/4 levels left

rFire    . . .     SeeInvis .     - Unarmed
rCold    + . .     Gourm    .   (no shield)
rNeg     + + +     Faith    .   g - +0 ring mail
rPois    ∞         Spirit   .   (no helmet)
rElec    .         Reflect  .   (no cloak)
rCorr    .         Harm     .   (no gloves)
MR       .....                  (no boots)
Stlth    ++........             (no amulet)
HPRegen  0.00/turn              i - +6 ring of dexterity
MPRegen  0.09/turn              (no ring)

@: gold aura, rotting
A: rotting body, claws 1, carnivore, cold resistance 1, negative energy
resistance 3, inhibited regeneration, torment resistance, unbreathing
a: Potion Petition, Call Merchant, Bribe Branch, Renounce Religion


You were on level 3 of the Dungeon.
You worshipped Gozag.
Gozag was aware of your devotion.
You were not hungry.

You visited 1 branch of the dungeon, and saw 3 of its levels.

You collected 218 gold pieces.

Inventory:

Missiles
 f - 6 boomerangs (quivered)
 l - 2 throwing nets
Armour
 g - a +0 ring mail (worn)
Jewellery
 i - a +6 ring of dexterity (left claw)
Scrolls
 a - a scroll of enchant weapon
 d - a scroll of amnesia
 j - a scroll of identify
 k - a scroll of blinking
 m - 2 scrolls of magic mapping
Potions
 c - a potion of degeneration {unknown}
 e - 2 potions of heal wounds
 h - a potion of magic {unknown}
Comestibles
 b - 5 rations


   Skills:
 + Level 4.1 Fighting
 + Level 1.1 Throwing
 + Level 1.3 Armour
 + Level 3.2 Dodging
 - Level 2.1 Stealth
 * Level 5.3 Unarmed Combat


You had 4 spell levels left.
You didn't know any spells.
Your spell library was empty.

Dungeon Overview and Level Annotations

Branches:
Dungeon (3/15)

Altars:
Elyvilon
Gozag
Trog


Innate Abilities, Weirdness & Mutations

Your body is rotting away.
You thrive on raw meat.
You are immune to poison.
You have sharp fingernails.
You are carnivorous and can eat meat at any time.
Your flesh is cold resistant. (rC+)
You are immune to negative energy. (rN+++)
You do not regenerate when monsters are visible.
You are immune to unholy pain and torment.
You can survive without breathing.


Message History

The gnoll hits you from afar with a +0 halberd!
* * * LOW HITPOINT WARNING * * *
You are too injured to fight recklessly!
You are too injured to fight recklessly!
You are too injured to fight recklessly!
You are too injured to fight recklessly!
You are too injured to fight recklessly!
You are too injured to fight recklessly!
You are too injured to fight recklessly!
You closely miss the gnoll.
The gnoll is severely wounded.
The gnoll hits you.
* * * LOW HITPOINT WARNING * * *
You scratch the gnoll.
The gnoll is almost dead.
The gnoll hits you from afar with a +0 halberd!
* * * LOW HITPOINT WARNING * * *
The gnoll hits you.
You die...
Your body crumbles into a pile of gold.

....###.#### #)# ###.#
#.# #.# ###.###.# #.#
##.#.##.# #.# #...###.#
#.# .....##.# #.#
......#.# #.#
.........#####.########
................@gl...#
.........#####.###g....$
......#.## #.# ..###
..>.....# #.# ##
#....#### #.# ..###.###
#.# .## #.. #.. #.###.#
#. ##.#.#


You could see 2 gnolls and a frilled lizard.

Vanquished Creatures
  An orc wizard (D:3)
  A gnoll (D:3)
  5 adders
  2 oozes
  6 worms
  4 dart slugs
  10 orcs (D:3)
  2 giant cockroaches
  4 hobgoblins
  4 jackals (D:1)
  3 kobolds
  3 quokkas
  A ball python (D:2)
  7 bats
  4 frilled lizards
  10 goblins
  13 rats
80 creatures vanquished.

Notes
Turn   | Place    | Note
-------+----------+-------------------------------------------
     0 | D:1      | Gabide the Ghoul Monk began the quest for the Orb.
     0 | D:1      | Reached XP level 1. HP: 19/19 MP: 0/0
   107 | D:1      | Reached XP level 2. HP: 14/26 MP: 1/1
   789 | D:1      | Reached XP level 3. HP: 28/33 MP: 2/2
   841 | D:1      | Reached skill level 4 in Unarmed Combat
  1389 | D:2      | Reached XP level 4. HP: 35/40 MP: 3/3
  2107 | D:2      | Found a white marble altar of Elyvilon.
  2222 | D:2      | Noticed a moth of wrath
  2226 | D:2      | Found a bloodstained altar of Trog.
  2241 | D:2      | Reached XP level 5. HP: 26/45 MP: 4/4
  3819 | D:3      | Found a faded altar of an unknown god.
  3858 | D:3      | Became a worshipper of Gozag Ym Sagoz the Greedy
  3951 | D:3      | Reached skill level 1 in Throwing
  4254 | D:3      | Reached skill level 1 in Armour
  4272 | D:3      | Reached skill level 5 in Unarmed Combat
  4408 | D:3      | HP: 1/42 [gnoll/+0 halberd (7)]
  4408 | D:3      | Slain by a gnoll

Illustrated notes

Levels and vault maps discovered:
D:1:      heliophobic_arrival_battle_scene, layout_loops_ring,
          dk_noncrumbling_3, grunt_decor_fettered, ebering_dispersal_statue_hall
D:2:      layout_rooms, nicolae_overflow_crystal_walls, tgw_trog, st_stairs_3
D:3:      layout_loops_ring, marbit_many_paths,
          chequers_ecumenical_altar_simple_redux,
          chequers_serial_rivers_micro_e, minmay_bisected

Skill      XL: |  1  2  3  4  5 |
---------------+----------------+-----
Dodging        | 3 |  3.2
Unarmed Combat | 4 5 |  5.3
Fighting       | 4 |  4.1
Throwing       | 1 |  1.1
Armour         | 1 |  1.3
Stealth        | |  2.1

Action                   |  1- 3 |  4- 6 || total
-------------------------+-------+-------++-------
Melee: Unarmed           |    66 |   177 ||   243
       Punch             |     1 |     2 ||     3
Throw: Stone             |     3 |       ||     3
       Boomerang         |    10 |    28 ||    38
  Use: Scroll            |     2 |     5 ||     7
 Stab: Sleeping          |       |     1 ||     1
  Eat: Chunk             |     2 |    11 ||    13
       Ration            |       |     2 ||     2
Armor: Ring mail         |    19 |    66 ||    85
       Robe              |     1 |       ||     1
Dodge: Dodged            |    44 |   141 ||   185
